ITL
ALLENTOWN HILLBILLIES @ OTSEGO BULLDOGS
09/19/2025
 
TOP OF THE 1ST
Allentown Hillbillies batting - Pitching for Otsego Bulldogs : LHP Esteban Santos
Pitching: LHP Esteban Santos
Batting: RHB António Yánez 0-0: Ball
1-0: Foul Ball, location: 2F
1-1: Ball
2-1: Called Strike
2-2: Strikes out swinging
Batting: LHB José Esparza 0-0: Called Strike
0-1: Ball
1-1: Ball
2-1: Swinging Strike
2-2: Fly out, F2 (Popup, 2RF)
Batting: SHB Oliver Deleón 0-0: Ball
1-0: Ball
2-0: Ball
3-0: Called Strike
3-1: Foul Ball, location: 2F
3-2: SINGLE (Line Drive, 89S)
Batting: RHB Millard Stark 0-0: TRIPLE (Flyball, 8LXD)
Oliver Deleón scores
Batting: RHB Diego Rivera 0-0: Foul Ball, location: 2F
0-1: Foul Ball, location: 2F
0-2: Ball
1-2: Ball
2-2: Strikes out looking
Top of the 1st over - 1 run(s), 2 hit(s), 0 error(s), 1 left on base; Allentown 1 - Otsego 0
BOTTOM OF THE 1ST
Otsego Bulldogs batting - Pitching for Allentown Hillbillies : RHP Okura Oike
Pitching: RHP Okura Oike
Batting: LHB Gino Canio 0-0: Ball
1-0: Ground out 3-1 (Groundball, 34)
Batting: RHB Armando Cuevas 0-0: Ball
1-0: Called Strike
1-1: Ball
2-1: Ground out 4-3 (Groundball, 4)
Batting: SHB Gilberto Guzmán 0-0: Foul Ball, location: 2F
0-1: Ball
1-1: Ball
2-1: Called Strike
2-2: Fly out, F6 (Popup, 78S)
Bottom of the 1st over - 0 run(s), 0 hit(s), 0 error(s), 0 left on base; Allentown 1 - Otsego 0
TOP OF THE 2ND
Allentown Hillbillies batting - Pitching for Otsego Bulldogs : LHP Esteban Santos
Batting: RHB Bartolo López 0-0: Ball
1-0: Called Strike
1-1: Called Strike
1-2: Strikes out swinging
Batting: RHB Enrique Bermúdez 0-0: Foul Ball, location: 2F
0-1: Ball
1-1: Foul Ball, location: 2F
1-2: Ball
2-2: Ball
3-2: Foul Ball, location: 2F
3-2: Base on Balls
Batting: RHB Tim Gardner 0-0: Ball
1-0: SINGLE (Line Drive, 89S)
Enrique Bermúdez to second
Batting: RHB Joel Jackson 0-0: Ball
1-0: 3-RUN HOME RUN (Flyball, 7D), Distance : 367 ft
Batting: RHB António Yánez 0-0: Ball
1-0: Foul Ball, location: 2F
1-1: Ball
2-1: Foul Ball, location: 2F
2-2: Ball
3-2: Strikes out swinging
Batting: LHB José Esparza 0-0: Called Strike
0-1: Ball
1-1: Ball
2-1: Called Strike
2-2: Ground out 4-3 (Groundball, 34)
Top of the 2nd over - 3 run(s), 2 hit(s), 0 error(s), 0 left on base; Allentown 4 - Otsego 0
BOTTOM OF THE 2ND
Otsego Bulldogs batting - Pitching for Allentown Hillbillies : RHP Okura Oike
Batting: RHB Cristo García 0-0: Called Strike
0-1: Foul Ball, location: 2F
0-2: Ball
1-2: Ball
2-2: Foul Ball, location: 2F
2-2: Strikes out swinging
Batting: RHB Raúl Bauza 0-0: Called Strike
0-1: Ball
1-1: Foul Ball, location: 2F
1-2: Fly out, F7 (Flyball, 78D)
Batting: RHB Jim Beck 0-0: Fly out, F9 (Flyball, 9M)
Bottom of the 2nd over - 0 run(s), 0 hit(s), 0 error(s), 0 left on base; Allentown 4 - Otsego 0
TOP OF THE 3RD
Allentown Hillbillies batting - Pitching for Otsego Bulldogs : LHP Esteban Santos
Batting: SHB Oliver Deleón 0-0: Ball
1-0: Ball
2-0: Foul Ball, location: 2F
2-1: Called Strike
2-2: Ball
3-2: Base on Balls
Batting: RHB Millard Stark 0-0: Fly out, F9 (Popup, 89S)
Batting: RHB Diego Rivera 0-0: Called Strike
0-1: Ball
1-1: Ball
2-1: Foul Ball, location: 2F
2-2: Foul Ball, location: 2F
2-2: Strikes out swinging
Batting: RHB Bartolo López 0-0: Fly out, F8 (Flyball, 8LXD)
Top of the 3rd over - 0 run(s), 0 hit(s), 0 error(s), 1 left on base; Allentown 4 - Otsego 0
BOTTOM OF THE 3RD
Otsego Bulldogs batting - Pitching for Allentown Hillbillies : RHP Okura Oike
Batting: RHB Juan Pérez 0-0: Called Strike
0-1: Ball
1-1: Foul Ball, location: 2F
1-2: SINGLE (Groundball, 56)
Batting: LHB Manny Domínguez 0-0: Called Strike
0-1: SINGLE (Line Drive, 7S)
Juan Pérez to second
Batting: RHB Kyung-bok Cho 0-0: Called Strike
0-1: Ball
1-1: SINGLE (Line Drive, 89S)
Juan Pérez to third
Manny Domínguez to second
Runner from 3rd tries for Home, SAFE, throw made home
Batting: LHB Gino Canio 0-0: Called Strike
0-1: Swinging Strike
0-2: Ball
1-2: 3-RUN HOME RUN (Flyball, 9LD), Distance : 336 ft
Batting: RHB Armando Cuevas 0-0: Called Strike
0-1: SINGLE (Line Drive, 4MD)
Batting: SHB Gilberto Guzmán 0-0: Foul Ball, location: 2F
0-1: Ball
1-1: Fly out, F9 (Line Drive, 9LM)
Batting: RHB Cristo García 0-0: Called Strike
0-1: Called Strike
0-2: Ball
1-2: DOUBLE (Line Drive, 78D)
Armando Cuevas to third
Batting: RHB Raúl Bauza 0-0: Foul Ball, location: 2F
0-1: Ground out 5-3 (Groundball, 56S)
Armando Cuevas scores
Cristo García to third
Batting: RHB Jim Beck 0-0: Called Strike
0-1: Ball
1-1: Ball
2-1: Ball
3-1: DOUBLE (Line Drive, 5L)
Cristo García scores
Batting: RHB Juan Pérez 0-0: Called Strike
0-1: TRIPLE (Line Drive, 78D)
Jim Beck scores
Batting: LHB Manny Domínguez 0-0: Ball
1-0: Fly out, F7 (Flyball, 78M)
Bottom of the 3rd over - 7 run(s), 8 hit(s), 0 error(s), 1 left on base; Allentown 4 - Otsego 7
TOP OF THE 4TH
Allentown Hillbillies batting - Pitching for Otsego Bulldogs : LHP Esteban Santos
Batting: RHB Enrique Bermúdez 0-0: Called Strike
0-1: Foul Ball, location: 2F
0-2: Foul Ball, location: 2F
0-2: Fly out, F4 (Popup, 34)
Batting: RHB Tim Gardner 0-0: DOUBLE (Flyball, 78M)
Batting: RHB Joel Jackson 0-0: Called Strike
0-1: Foul Ball, location: 2F
0-2: Ball
1-2: Foul Ball, location: 2F
1-2: Ball
2-2: Strikes out swinging
Batting: RHB António Yánez 0-0: Ball
1-0: Ball
2-0: Ball
3-0: Called Strike
3-1: SINGLE (Line Drive, 89M)
Tim Gardner to third
Batting: LHB José Esparza 0-0: Ball
1-0: Ball
2-0: Ball
3-0: Called Strike
3-1: Base on Balls
António Yánez to second
Batting: SHB Oliver Deleón 0-0: Called Strike
0-1: Foul Ball, location: 2F
0-2: Ball
1-2: Foul Ball, location: 2F
1-2: Fielders Choice at 2nd, U6 (Groundball, 6M)
Top of the 4th over - 0 run(s), 2 hit(s), 0 error(s), 3 left on base; Allentown 4 - Otsego 7
BOTTOM OF THE 4TH
Otsego Bulldogs batting - Pitching for Allentown Hillbillies : RHP Okura Oike
Batting: RHB Kyung-bok Cho 0-0: Ground out 1-3 (Groundball, 15)
Batting: LHB Gino Canio 0-0: Ball
1-0: Called Strike
1-1: Foul Ball, location: 2F
1-2: Ball
2-2: Foul Ball, location: 2F
2-2: Ball
3-2: Base on Balls
Batting: RHB Armando Cuevas 0-0: Called Strike
0-1: Swinging Strike
0-2: Ball
Gino Canio is caught stealing 2nd base
1-2: Ball
2-2: Ground out 5-3 (Groundball, 56)
Bottom of the 4th over - 0 run(s), 0 hit(s), 0 error(s), 0 left on base; Allentown 4 - Otsego 7
TOP OF THE 5TH
Allentown Hillbillies batting - Pitching for Otsego Bulldogs : LHP Esteban Santos
Batting: RHB Millard Stark 0-0: DOUBLE (Line Drive, 7D)
Pitching: LHP José Chávez
Batting: RHB Diego Rivera 0-0: Ball
1-0: Ball
2-0: Ball
3-0: Called Strike
3-1: Swinging Strike
3-2: Base on Balls
Batting: RHB Bartolo López 0-0: Fly out, F4 (Line Drive, 4)
Batting: RHB Enrique Bermúdez 0-0: Fly out, F7 (Line Drive, 7D)
Batting: RHB Tim Gardner 0-0: Swinging Strike
0-1: Ball
1-1: Ball
2-1: Called Strike
2-2: Foul Ball, location: 2F
2-2: Foul Ball, location: 2F
2-2: Ball
3-2: Ground out 3-1 (Groundball, 34S)
Top of the 5th over - 0 run(s), 1 hit(s), 0 error(s), 2 left on base; Allentown 4 - Otsego 7
BOTTOM OF THE 5TH
Otsego Bulldogs batting - Pitching for Allentown Hillbillies : RHP Okura Oike
Batting: SHB Gilberto Guzmán 0-0: Swinging Strike
0-1: Ball
1-1: Foul Ball, location: 2F
1-2: Ball
2-2: Ball
3-2: Base on Balls
Pitching: LHP Alejandro Castillo
Batting: RHB Cristo García 0-0: Ball
1-0: Fly out, F9 (Flyball, 9M)
Batting: RHB Raúl Bauza 0-0: Called Strike
0-1: Swinging Strike
0-2: Ball
1-2: Ball
2-2: Foul Ball, location: 2F
2-2: SINGLE (Line Drive, 34D)
Gilberto Guzmán to second
Runner from 2nd tries for 3rd, SAFE, no throw or cutoff
Batting: RHB Jim Beck 0-0: Called Strike
0-1: Fly out, F9 (Flyball, 89D)
Runner from 3rd tags up, SCORES, no throw
Batting: RHB Juan Pérez 0-0: SINGLE (Groundball, 6)
Raúl Bauza to second
Batting: LHB Manny Domínguez 0-0: Foul Ball, location: 2F
0-1: Ball
1-1: Ball
2-1: Called Strike
2-2: SINGLE (Groundball, 34D)
Raúl Bauza to third
Juan Pérez to second
Runner from 3rd tries for Home, SAFE, no throw or cutoff
Batting: RHB Kyung-bok Cho 0-0: Called Strike
0-1: Ball
1-1: Foul Ball, location: 2F
1-2: Ball
2-2: Fielders Choice at 2nd, 6-4 (Groundball, 6)
Bottom of the 5th over - 2 run(s), 3 hit(s), 0 error(s), 1 left on base; Allentown 4 - Otsego 9
TOP OF THE 6TH
Allentown Hillbillies batting - Pitching for Otsego Bulldogs : LHP José Chávez
Batting: RHB Joel Jackson 0-0: Swinging Strike
0-1: Foul Ball, location: 2F
0-2: Ball
1-2: Strikes out swinging
Batting: RHB António Yánez 0-0: Ball
1-0: Foul Ball, location: 2F
1-1: Called Strike
1-2: Fly out, F7 (Flyball, 78D)
Batting: LHB José Esparza 0-0: Ball
1-0: Called Strike
1-1: Called Strike
1-2: SINGLE (Line Drive, 4MD)
Batting: SHB Oliver Deleón 0-0: Ball
1-0: Called Strike
1-1: Ball
2-1: Ball
3-1: Foul Ball, location: 2F
3-2: Base on Balls
José Esparza to second
Batting: RHB Millard Stark 0-0: Ball
1-0: DOUBLE (Line Drive, 8LXD)
José Esparza scores
Oliver Deleón to third
Runner from 3rd tries for Home, throw and OUT!
Top of the 6th over - 1 run(s), 2 hit(s), 0 error(s), 1 left on base; Allentown 5 - Otsego 9
BOTTOM OF THE 6TH
Otsego Bulldogs batting - Pitching for Allentown Hillbillies : LHP Alejandro Castillo
Batting: LHB Gino Canio 0-0: Ball
1-0: Foul Ball, location: 2F
1-1: Ground out 6-3 (Groundball, 6)
Batting: RHB Armando Cuevas 0-0: Called Strike
0-1: Foul Ball, location: 2F
0-2: Ball
1-2: Foul Ball, location: 2F
1-2: Foul Ball, location: 2F
1-2: Ball
2-2: Ball
3-2: Ground out 5-3 (Groundball, 56)
Batting: SHB Gilberto Guzmán 0-0: Ball
1-0: Ball
2-0: Ball
3-0: Base on Balls
Batting: RHB Cristo García 0-0: Ball
1-0: Ground out 6-3 (Groundball, 6)
Bottom of the 6th over - 0 run(s), 0 hit(s), 0 error(s), 1 left on base; Allentown 5 - Otsego 9
TOP OF THE 7TH
Allentown Hillbillies batting - Pitching for Otsego Bulldogs : LHP José Chávez
Pitching: LHP Henry Barton
Batting: RHB Diego Rivera 0-0: SINGLE (Groundball, 34)
Batting: RHB Bartolo López 0-0: SINGLE (Groundball, 4MD)
Diego Rivera to second
Batting: RHB Enrique Bermúdez 0-0: Ball
1-0: Foul Ball, location: 2F
1-1: Ball
Passed Ball!
Diego Rivera to third
Bartolo López to second
2-1: DOUBLE (Flyball, 78XD)
Diego Rivera scores
Bartolo López scores
Pitching: RHP Joe Wilson
Batting: RHB Tim Gardner 0-0: Called Strike
0-1: Foul Ball, location: 2F
0-2: Ball
1-2: Strikes out swinging
Batting: RHB Joel Jackson 0-0: Called Strike
0-1: Foul Ball, location: 2F
0-2: Ball
1-2: Strikes out looking
Batting: RHB António Yánez 0-0: Ball
1-0: Ball
2-0: Ball
3-0: Base on Balls
Batting: LHB José Esparza 0-0: Called Strike
0-1: Swinging Strike
0-2: Ball
1-2: Ball
2-2: Fly out, F7 (Flyball, 78S)
Top of the 7th over - 2 run(s), 3 hit(s), 0 error(s), 2 left on base; Allentown 7 - Otsego 9
BOTTOM OF THE 7TH
Otsego Bulldogs batting - Pitching for Allentown Hillbillies : LHP Alejandro Castillo
Pitching: RHP Drew Schaefer
Batting: RHB Raúl Bauza 0-0: Ball
1-0: Foul Ball, location: 2F
1-1: Ball
2-1: Foul Ball, location: 2F
2-2: Foul Ball, location: 2F
2-2: Strikes out looking
Batting: RHB Jim Beck 0-0: Called Strike
0-1: Ball
1-1: Called Strike
1-2: Ball
2-2: Fly out, F9 (Line Drive, 89S)
Batting: RHB Juan Pérez 0-0: Ball
1-0: Foul Ball, location: 2F
1-1: Swinging Strike
1-2: Strikes out swinging
Bottom of the 7th over - 0 run(s), 0 hit(s), 0 error(s), 0 left on base; Allentown 7 - Otsego 9
TOP OF THE 8TH
Allentown Hillbillies batting - Pitching for Otsego Bulldogs : RHP Joe Wilson
Batting: SHB Oliver Deleón 0-0: Ball
1-0: Called Strike
1-1: DOUBLE (Flyball, 7D) - OUT at third base trying to stretch hit.
Batting: RHB Millard Stark 0-0: Ball
1-0: Ball
2-0: Foul Ball, location: 2F
2-1: Foul Ball, location: 2F
2-2: Strikes out looking
Batting: RHB Diego Rivera 0-0: Called Strike
0-1: Ball
1-1: Ball
2-1: Swinging Strike
2-2: Strikes out swinging
Top of the 8th over - 0 run(s), 1 hit(s), 0 error(s), 0 left on base; Allentown 7 - Otsego 9
BOTTOM OF THE 8TH
Otsego Bulldogs batting - Pitching for Allentown Hillbillies : RHP Drew Schaefer
Batting: LHB Manny Domínguez 0-0: Foul Ball, location: 2F
0-1: Swinging Strike
0-2: Ball
1-2: Ball
2-2: Ball
3-2: Foul Ball, location: 2F
3-2: Base on Balls
Batting: RHB Kyung-bok Cho 0-0: Ball
1-0: Sac Bunt - play at first, batter OUT! 1-4
Manny Domínguez to second
Batting: LHB Gino Canio 0-0: Foul Ball, location: 2F
0-1: Ground out 4-3 (Groundball, 4)
Manny Domínguez to third
Batting: RHB Armando Cuevas 0-0: Ground out 6-3 (Groundball, 6)
Bottom of the 8th over - 0 run(s), 0 hit(s), 0 error(s), 1 left on base; Allentown 7 - Otsego 9
TOP OF THE 9TH
Allentown Hillbillies batting - Pitching for Otsego Bulldogs : RHP Joe Wilson
Pitching: RHP Kenshin Kubota
Batting: RHB Bartolo López 0-0: Called Strike
0-1: Ball
1-1: Swinging Strike
1-2: DOUBLE (Line Drive, 7LS)
Pinch Hitting: RHB Francisco Ibarra 0-0: Foul Ball, location: 2F
0-1: Foul Ball, location: 2F
0-2: Foul Ball, location: 2F
0-2: Foul Ball, location: 2F
0-2: Foul Ball, location: 2F
0-2: Foul Ball, location: 2F
0-2: Ball
1-2: Strikes out swinging
Pinch Hitting: LHB Fernando Ramos 0-0: Ball
1-0: Foul Ball, location: 2F
1-1: Foul Ball, location: 2F
1-2: Strikes out looking
Batting: RHB Joel Jackson 0-0: Swinging Strike
0-1: Ball
1-1: Foul Ball, location: 2F
1-2: Ball
2-2: Strikes out swinging
Top of the 9th over - 0 run(s), 1 hit(s), 0 error(s), 1 left on base; Allentown 7 - Otsego 9
This league is powered by Out of the Park Baseball, the baseball management simulation game for PC, Mac and Linux
Tuesday, August 2nd, 2016 - OOTP Baseball 16.8 Build 38